 Dungeon Crawl Stone Soup version 0.24-a0-462-ge24419a6ad (console) character file.

Game seed: 9860333557402208346

3 Lexodia the Sneak (level 1, -1/7 HPs)
             Began as a Vampire Enchanter on July 2, 2019.
             Slain by a dart slug (2 damage)
             ... on level 1 of the Dungeon.
             The game lasted 00:01:50 (12885 turns).

Lexodia the Sneak (Vampire Enchanter)              Turns: 12885, Time: 00:01:50

Health: -1/7       AC:  2    Str:  7    XL:     1   Next: 41%
Magic:  2/3        EV: 12    Int: 17    God:
Gold:   21         SH:  0    Dex: 14    Spells: 3/4 levels left

rFire    . . .     SeeInvis +   a - +1 dagger
rCold    + + .     Gourm    .   (no shield)
rNeg     + + +     Faith    .   b - +0 robe
rPois    ∞         Spirit   .   (no helmet)
rElec    .         Reflect  .   (no cloak)
rCorr    .         Harm     .   (no gloves)
MR       .....                  (no boots)
Stlth    +++++.....             (no amulet)
HPRegen  0.00/turn              (no ring)
MPRegen  0.08/turn              (no ring)

@: bloodless, regenerating quickly
A: no food, fangs 3, see invisible, [frail 2], unbreathing
a: Revivify


You were on level 1 of the Dungeon.
You were bloodless.

You visited 1 branch of the dungeon, and saw 1 of its levels.

You collected 21 gold pieces.

Inventory:

Hand Weapons
 a - a +1 dagger (weapon)
Armour
 b - a +0 robe (worn)
Potions
 c - a potion of curing {unknown}


   Skills:
 + Level 1.1 Short Blades
 + Level 2.1 Dodging
 + Level 4.6 Stealth
 + Level 2.1 Spellcasting
 + Level 4.4 Hexes


You had 3 spell levels left.
You knew the following spells:

 Your Spells              Type           Power        Failure   Level  Hunger
a - Corona                Hex            ###....      3%          1    N/A

Your spell library contained the following spells:

 Spells                   Type           Power        Failure   Level  Hunger
 Confuse                  Hex            ###.....     9%          3    N/A
 Tukima's Dance           Hex            ###.....     9%          3    N/A
 Ensorcelled Hibernation  Hex/Ice        #.....       12%         2    N/A
 Dazzling Spray           Conj/Hex       #.....       22%         3    N/A

Dungeon Overview and Level Annotations

Branches:
Dungeon (1/15)

Altars:


Innate Abilities, Weirdness & Mutations

You do not eat.
You do not regenerate when monsters are visible.
You are frail without blood (-20% HP).
You are immune to poison.
You have razor-sharp teeth.
You have supernaturally acute eyesight. (SInv)
You can survive without breathing.
[You are very frail. (-20% HP)]


Message History

Ouch! That really hurt!
* * * LOW HITPOINT WARNING * * *
Huge Dmg: -57%(-4hp) hp: 15%(1hp)
A hobgoblin comes into view. It is wielding a +0 club.
The dart slug launches a dart at you. The slug dart misses you.
Found a ring mail.
Casting: Corona (safe; 3% risk of failure)
Confirm with . or Enter, or press ? or * to list all spells.
Aiming: Corona (safe; 3% risk of failure)
Press: ? - help, Shift-Dir - straight line, f - dart slug
Aim: a dart slug (clinging, chance to defeat MR: 71%)
The dart slug barely resists.
You hit the dart slug but do no damage. You bite the dart slug.
The dart slug is lightly wounded.
The dart slug closely misses you.
You hit the dart slug. You bite the dart slug.
The dart slug is almost dead.
The dart slug bites you.
You die...

.[# ..# # #.# ..
#.# ... ##.####
.... #..... .....
##..#####
......###.......#
#..@w.....#.#
#####.....#.#
#...?.#.#
#.....#.#
#.....#.#
#....!..#
########..###.#.#
...g...w.........
#########.###.#.g


You could see a dart slug.

Vanquished Creatures
  A bat (D:1)
  A giant cockroach (D:1)
  A rat (D:1)
3 creatures vanquished.

Notes
Turn   | Place    | Note
-------+----------+-------------------------------------------
     0 | D:1      | Lexodia the Vampire Enchanter began the quest for the Orb.
     0 | D:1      | Reached XP level 1. HP: 13/13 MP: 3/3
 12751 | D:1      | Huge Dmg: 3 dmg
 12797 | D:1      | Huge Dmg: 1 dmg
 12798 | D:1      | Huge Dmg: 1 dmg
 12839 | D:1      | Huge Dmg: 2 dmg
 12867 | D:1      | Huge Dmg: 4 dmg
 12885 | D:1      | Slain by a dart slug

Levels and vault maps discovered:
D:1:      dpeg_arrival_tiny_a, layout_loops_cross, minmay_box_of_dots

Action                   || total
-------------------------++-------
Melee: Dagger            ||    25
       Bite              ||     4
 Cast: Corona            ||     1
 Abil: Exsanguinate      ||     3
       Revivify          ||     2
 Stab: Sleeping          ||     1
Armor: Robe              ||    17
Dodge: Dodged            ||    23

Table legend:
 A = Non-vault XP
 B = Vault XP
 C = Vault XP percentage of total XP
 D = Non-vault monster count
 E = Vault monster count
 F = Vault count percentage of total count
                 A         B        C        D         E       F
            +---------+---------+-------+---------+---------+-------
      Total |       5 |       0 |   0.0 |       3 |       0 |   0.0
            +---------+---------+-------+---------+---------+-------
        D:1 |       5 |       0 |   0.0 |       3 |       0 |   0.0
            +---------+---------+-------+---------+---------+-------
